 Dungeon Crawl Stone Soup version 0.20.0-8-g6b59dc7 (webtiles) character file.

225 RKaid the Digger (level 6, -2/32 HPs)
             Began as a Vine Stalker Earth Elementalist on May 30, 2017.
             Was a Follower of Nemelex Xobeh.
             Slain by a gnoll
             ... wielding a +0 halberd
              (6 damage)
             ... on level 4 of the Dungeon.
             The game lasted 00:13:56 (3302 turns).

RKaid the Digger (Vine Stalker Earth Elementalist)  Turns: 3302, Time: 00:13:57

Health: -2/32      AC:  2    Str: 11    XL:     6   Next: 1%
Magic:  0/11       EV: 12    Int: 17    God:    Nemelex Xobeh [*.....]
Gold:   98         SH:  0    Dex: 14    Spells: 5/11 levels left

rFire    . . .     SeeInvis .   b - +0 hunting sling
rCold    . . .     Gourm    .   (no shield)
rNeg     . . .     Faith    .   c - +0 robe
rPois    .         Spirit   +   (no helmet)
rElec    .         Reflect  .   (no cloak)
rCorr    .         Harm     .   (no gloves)
MR       .....                  (no boots)
Stlth    ++........             (no amulet)
Regen    0.5/turn               (no ring)
MPRegen  0.2/turn               (no ring)

@: no status effects
A: fangs 2, regeneration 1, magic shield, antimagic bite, no potion heal 3, rot
immunity
a: Renounce Religion


You were on level 4 of the Dungeon.
You worshipped Nemelex Xobeh.
Nemelex Xobeh was aware of your devotion.
You were not hungry.

You visited 1 branch of the dungeon, and saw 4 of its levels.

You collected 98 gold pieces.

Inventory:

Hand Weapons
 b - a +0 hunting sling (weapon)
   (You found it on level 1 of the Dungeon)
 m - a +1 whip of venom
   (You found it on level 1 of the Dungeon)
 q - a +0 spear
   (You took it off a gnoll on level 1 of the Dungeon)
 s - a +0 dagger
   (You took it off a goblin on level 1 of the Dungeon)
 w - a +0 club
   (You took it off a hobgoblin on level 2 of the Dungeon)
 z - a +0 dagger of draining
   (You took it off a goblin on level 1 of the Dungeon)
 C - a +2 dagger of freezing
   (You took it off a kobold on level 3 of the Dungeon)
Missiles
 f - 32 sling bullets (quivered)
 g - 28 stones
Armour
 c - a +0 robe (worn)
 r - a +0 buckler
   (You found it on level 2 of the Dungeon)
Scrolls
 i - 2 scrolls of identify
 k - 3 scrolls of random uselessness {unknown}
 n - a scroll of amnesia
 o - a scroll of blinking {unknown}
 p - 2 scrolls of magic mapping {!r}
 u - 2 scrolls of enchant weapon {unknown}
 v - a scroll of immolation {unknown}
Potions
 h - a potion of flight {unknown}
 j - 3 potions of curing
 l - 3 potions of heal wounds {unknown}
 t - 2 potions of might {unknown}
 x - 2 potions of haste {unknown}
 A - a potion of mutation {unknown}
 D - a potion of brilliance {unknown}
 E - a potion of degeneration {unknown}
Books
 e - a book of Geomancy
Miscellaneous
 y - a plain deck of destruction {drawn: 3}
   (Nemelex Xobeh gifted it to you on level 2 of the Dungeon)
Comestibles
 a - 2 meat rations
 d - 3 bread rations
 B - 3 chunks of flesh


   Skills:
 - Level 2.5 Fighting
 - Level 1.5 Dodging
 - Level 2.4 Stealth
 + Level 0.1 Shields
 - Level 3.2 Spellcasting
 + Level 2.0 Conjurations
 - Level 1.0 Transmutations
 - Level 4.0 Earth Magic
 + Level 1.6 Invocations


You had 5 spell levels left.
You knew the following spells:

 Your Spells              Type           Power        Failure   Level  Hunger
a - Sandblast             Erth           ###...       3%          1    None
b - Stone Arrow           Conj/Erth      ##....       16%         3    ###....
A - Passwall              Tmut/Erth      ##........   10%         2    ##.....


Dungeon Overview and Level Annotations

Branches:
Dungeon (4/15)
 Temple: D:4-7

Altars:
Dithmenos
Nemelex Xobeh
Uskayaw
Yredelemnul


Innate Abilities, Weirdness & Mutations

You have extremely sharp teeth.
Your natural rate of healing is unusually fast.
When hurt, damage is shared between your health and your magic reserves.
Your bite disrupts and absorbs the magic of your enemies.
Potions cannot restore your health.
You are immune to rotting.


Message History

B - 4 chunks of flesh (gained 3)
You see here a club. x2
Some of the chunks of flesh in your inventory have rotted away.
You see here a war axe.
Done exploring.
Done exploring.
Done exploring.
There is a stone staircase leading down here.
You climb downwards.
There is a stone staircase leading up here. 2 gnolls come into view.
You see here an orange potion.
j - 4 orange potions (gained 1)
The gnoll shouts!
A gnoll comes into view. It is wielding a flail.
Firing (i - inventory. (,) - cycle):
f - 39 sling bullets (quivered)
Press: ? - help, Shift-Dir - straight line, f - gnoll
Aim: a gnoll, wielding a spear You shoot a sling bullet.
The sling bullet barely misses the gnoll.
Firing (i - inventory. (,) - cycle):
f - 38 sling bullets (quivered)
Press: ? - help, Shift-Dir - straight line, f/p - gnoll
Aim: a gnoll, wielding a spear You shoot a sling bullet.
The sling bullet hits the gnoll.
Firing (i - inventory. (,) - cycle):
f - 37 sling bullets (quivered)
Press: ? - help, Shift-Dir - straight line, f/p - gnoll
Aim: a gnoll, wielding a spear (moderately wounded)
You shoot a sling bullet. The sling bullet hits the gnoll.
A gnoll comes into view. It is wielding a spear.
Firing (i - inventory. (,) - cycle):
f - 36 sling bullets (quivered)
Press: ? - help, Shift-Dir - straight line, f/p - gnoll
Aim: a gnoll, wielding a spear (severely wounded)
You shoot a sling bullet.
The sling bullet completely misses the gnoll.
The gnoll shouts!
The gnoll hits you but does no damage.
Firing (i - inventory. (,) - cycle):
f - 35 sling bullets (quivered)
Press: ? - help, Shift-Dir - straight line, f/p - gnoll
Aim: a gnoll, wielding a spear (severely wounded)
You shoot a sling bullet.
The sling bullet closely misses the gnoll.
The gnoll hits you from afar with a spear.
Firing (i - inventory. (,) - cycle):
f - 34 sling bullets (quivered)
Press: ? - help, Shift-Dir - straight line, f/p - gnoll
Aim: a gnoll, wielding a spear (severely wounded)
You shoot a sling bullet.
The sling bullet barely misses the gnoll.
Firing (i - inventory. (,) - cycle):
f - 33 sling bullets (quivered)
Press: ? - help, Shift-Dir - straight line, f/p - gnoll
Aim: a gnoll, wielding a spear (severely wounded)
You shoot a sling bullet. The sling bullet hits the gnoll.
There is a stone staircase leading up here.
The gnoll hits you with a halberd. The gnoll completely misses you.
Evoke which item? (* to show all) (? for menu, Esc to quit)
You draw a card...
It is Vitriol.
You have drawn Vitriol.
Press: ? - help, Shift-Dir - straight line, f/p - gnoll
Aim: a gnoll, wielding a flail (moderately wounded)
The glob of acid misses the gnoll.
The gnoll barely misses you. x2
The gnoll hits you with a flail!
Okay, then.
Evoke which item? (* to show all) (? for menu, Esc to quit)
That's the wrong kind of item! (Use * to select it.) Evoke which item? (* to show all) (? for menu, Esc to quit)
You draw a card...
It is Wild Magic.
The gnoll bobs in the air for a moment.
The gnoll is hit by flying rocks!
The gnoll dies!
You have reached level 6!
Your experience leads to an increase in your attributes!
Increase (S)trength, (I)ntelligence, or (D)exterity?
You feel clever.
You feel a surge of magic.
You feel your power returning. The gnoll barely misses you.
The gnoll completely misses you.
Evoke which item? (* to show all) (? for menu, Esc to quit)
You draw a card...
It is the Orb.
You have drawn the Orb.
Press: ? - help, Shift-Dir - straight line, f/p - gnoll
Aim: a gnoll, wielding a flail (moderately wounded)
The orb of energy hits the gnoll.
The gnoll hits you with a flail.
The gnoll hits you from afar with a spear!
* * * LOW HITPOINT WARNING * * *
The gnoll barely misses you.
It was a potion of curing.
That felt strangely inert.
The gnoll barely misses you. The gnoll closely misses you.
Okay, then.
As you read the scroll labeled FYROENGUHAH, it crumbles to dust.
It is a scroll of identify.
p - 2 scrolls of magic mapping;
i - 2 scrolls of identify
z - a dagger of draining The gnoll hits you with a halberd.
* * * LOW HITPOINT WARNING * * *
The gnoll misses you. The gnoll closely misses you.
As you read the scroll labeled UTHRIV IMEDU, it crumbles to dust.
It is a scroll of amnesia.
Forget which spell ([?*] list [ESC] exit)?
Forget which spell ([?*] list [ESC] exit)?
Okay, then.
The gnoll hits you with a halberd.
You die...
Your body disappears without a glow.

#. #. #. #. ### #####.
..# ......####.######
#...g@g......#
#..)###g####.#
#.....<...##.#####.
........g.....((.((((.
#.##..#.......#####.#.
# #..#.#.#.......
####.#.....####
..####.... .... #..#..


You could see 3 gnolls.

Vanquished Creatures
  An orc priest (D:3)
  A gnoll (D:1)
  8 adders
  3 oozes
  4 worms (D:3)
  A dart slug (D:1)
  2 leopard geckos
  4 orcs (D:3)
  5 giant cockroaches
  2 gnoll zombies (D:2)
  5 goblins
  4 hobgoblins
  9 jackals
  A quokka (D:2)
  A ball python (D:1)
  8 bats
  3 frilled lizards (D:1)
  8 kobolds
  6 rats
76 creatures vanquished.

Vanquished Creatures (others)
  A gnoll (D:4)
1 creature vanquished.

Grand Total: 77 creatures vanquished

Notes
Turn   | Place    | Note
-------+----------+-------------------------------------------
     0 | D:1      | RKaid the Vine Stalker Earth Elementalist began the quest for the Orb.
     0 | D:1      | Reached XP level 1. HP: 9/9 MP: 4/4
   103 | D:1      | Reached XP level 2. HP: 14/14 MP: 0/6
   340 | D:1      | Reached skill level 1 in Fighting
   437 | D:1      | Reached XP level 3. HP: 18/18 MP: 8/8
   489 | D:1      | Found a sparkling altar of Nemelex Xobeh.
   547 | D:1      | Became a worshipper of Nemelex Xobeh the Trickster
   551 | D:1      | Learned a level 2 spell: Passwall
   555 | D:1      | Learned a level 3 spell: Stone Arrow
   698 | D:1      | Reached skill level 3 in Spellcasting
  1467 | D:2      | Found a hide-covered altar of Uskayaw.
  1479 | D:2      | Gained mutation: Your natural rate of healing is unusually fast. [Vine Stalker growth]
  1479 | D:2      | Reached XP level 4. HP: 19/22 MP: 9/9
  1560 | D:2      | Reached skill level 2 in Fighting
  1581 | D:2      | Reached skill level 1 in Conjurations
  1728 | D:2      | Reached XP level 5. HP: 23/26 MP: 6/10
  1913 | D:2      | Received a gift from Nemelex Xobeh
  1952 | D:2      | Reached skill level 4 in Earth Magic
  2112 | D:2      | Found a basalt altar of Yredelemnul.
  2512 | D:3      | Reached * piety under Nemelex Xobeh
  2589 | D:3      | Found a shadowy altar of Dithmenos.
  2730 | D:3      | Reached skill level 1 in Invocations
  3097 | D:3      | Reached skill level 2 in Conjurations
  3298 | D:4      | Reached XP level 6. HP: 15/32 MP: 5/11
  3299 | D:4      | HP: 5/32 [gnoll/spear (7)]
  3302 | D:4      | Slain by a gnoll

Skill      XL: |  1  2  3  4  5 |
---------------+----------------+-----
Fighting       | 1 2 |  2.5
Spellcasting   | 3 |  3.2
Conjurations   | 1 2 |  2.0
Earth Magic    | 4 |  4.0
Invocations    | 1 |  1.6
Dodging        | |  1.5
Stealth        | |  2.4
Shields        | |  0.1
Transmutations | |  1.0

Action                   |  1- 3 |  4- 6 || total
-------------------------+-------+-------++-------
 Fire: Hunting sling     |    40 |   102 ||   142
 Cast: Sandblast         |    31 |    32 ||    63
       Stone Arrow       |     1 |       ||     1
       Passwall          |       |     1 ||     1
Evoke: Deck              |       |     3 ||     3
  Use: Scroll            |       |     2 ||     2
       Potion            |       |     1 ||     1
  Eat: Chunk             |     2 |     5 ||     7
Armor: Robe              |     8 |     7 ||    15
Dodge: Dodged            |    15 |    28 ||    43

Table legend:
 A = Turns spent in this place as a percentage of turns spent in the entire game.
 B = Non-inter-level travel turns spent in this place as a percentage of non-inter-level travel turns spent in the entire game.
 C = Inter-level travel turns spent in this place as a percentage of turns spent in this place.
 D = Turns resting spent in this place as a percentage of non-inter-level travel turns spent in this place.
 E = Turns spent auto-exploring this place as a percentage of non-inter-level travel turns spent in this place.
 F = Non-inter-level travel turns spent in this place divided by the number of levels of this place that you've seen.
                   A       B       C       D       E      F
               +-------+-------+-------+-------+-------+----------------------
         Total | 100.0 | 100.0 |   0.2 |   4.5 |   8.2 | 206.2
       Dungeon | 100.0 | 100.0 |   0.2 |   4.5 |   8.2 | 206.2
               +-------+-------+-------+-------+-------+----------------------

Table legend:
 A = Kills in this place as a percentage of kills in entire the game.
 B = Kills by you in this place as a percentage of kills by you in the entire game.
 C = Kills by friends in this place as a percentage of kills by friends in the entire game.
 D = Other kills in this place as a percentage of other kills in the entire game.
 E = Experience gained in this place as a percentage of experience gained in the entire game.
 F = Experience gained in this place divided by the number of levels of this place that you have seen.
                   A       B       C       D       E      F
               +-------+-------+-------+-------+-------+----------------------
         Total | 100.0 | 100.0 |  -nan | 100.0 | 100.0 |  80.5
       Dungeon | 100.0 | 100.0 |  -nan | 100.0 | 100.0 |  80.5
               +-------+-------+-------+-------+-------+----------------------
